 Dungeon Crawl Stone Soup version 0.27.1 (console) character file.

Game seed: 15302977740884692879

9796 thromnambular the Fighter (level 11, -2/62 HPs)
             Began as a Vine Stalker Wanderer on Aug 29, 2021.
             Was a Priest of Wu Jian.
             Slain by a five-headed hydra (3 damage)
             ... on level 1 of the Lair of Beasts.
             The game lasted 00:26:31 (8966 turns).

thromnambular the Fighter (Vine Stalker Wanderer)   Turns: 8966, Time: 00:26:31

Health: -2/62      AC: 15    Str: 23    XL:     11   Next: 52%
Magic:  0/19       EV: 12    Int: 11    God:    Wu Jian [***...]
Gold:   112        SH:  0    Dex: 16    Spells: 1/20 levels left

rFire    . . .     SeeInvis .   z - +0 war axe (drain)
rCold    . . .     Faith    .   (no shield)
rNeg     . . .     Spirit   +   E - +2 steam dragon scales
rPois    .         Reflect  .   (no helmet)
rElec    .         Harm     .   u - +2 cloak {Will+}
rCorr    .         Rampage  .   (no gloves)
Will     ++...                  q - +2 pair of boots
Stlth    ++........             f - amulet of regeneration
HPRegen  2.20/turn              F - ring of wizardry
MPRegen  0.16/turn              l - +6 ring of strength

@: no status effects
A: fangs 3, regeneration 1, magic shield, antimagic bite, no potion heal 2
a: Renounce Religion, Wall Jump, Serpent's Lash


You were on level 1 of the Lair of Beasts.
You worshipped Wu Jian.
Wu Jian was most pleased with you.
You visited 2 branches of the dungeon, and saw 11 of its levels.
You also visited: Sewer.

You collected 442 gold pieces.
You spent 330 gold pieces at shops.

Inventory:

Hand Weapons
 a - a +0 spear
 b - a +2 hand axe of pain
 z - a +0 war axe of draining (weapon)
Missiles
 w - 3 poisoned darts (quivered)
 y - a curare-tipped dart
 C - a throwing net
Armour
 q - a +2 pair of boots (worn)
 u - a +2 cloak of willpower (worn)
 A - a +1 leather armour of fire resistance
 E - +2 steam dragon scales (worn)
Jewellery
 f - an amulet of regeneration (around neck)
 j - a ring of protection from fire
 l - a +6 ring of strength (right hand)
 m - a ring of see invisible
 D - a +4 ring of protection
 F - a ring of wizardry (left hand)
Wands
 x - a wand of flame (36)
 H - a wand of polymorph (8)
Scrolls
 d - 3 scrolls of teleportation
 h - a scroll of enchant armour
 k - 2 scrolls of fear
 r - a scroll of identify
 t - a scroll of torment
 B - a scroll of blinking
 G - a scroll of vulnerability
Potions
 c - a potion of curing
 g - 6 potions of flight
 i - a potion of mutation
 n - 2 potions of attraction
 o - a potion of ambrosia
 s - 2 potions of brilliance
 v - 3 potions of lignification


   Skills:
 + Level 9.4 Fighting
 + Level 8.0 Axes
 - Level 1.0(5.1) Polearms
 + Level 6.8 Armour
 - Level 2.4 Dodging
 - Level 1.2 Stealth
 - Level 1.7 Shields
 - Level 5.2 Spellcasting
 + Level 5.8 Necromancy
 - Level 4.2 Air Magic


You had one spell level left.
You knew the following spells:

 Your Spells              Type           Power      Damage    Failure   Level
a - Lightning Bolt        Conj/Air       3%         1d15      65%         5
b - Swiftness             Air            12%        N/A       4%          3
c - Invisibility          Hex            1%         N/A       100%        6
d - Agony                 Necr           15%        N/A       21%         5

Your spell library contained the following spells:

 Spells                   Type           Power      Damage    Failure   Level
 Static Discharge         Conj/Air       7%         N/A       5%          2
 Passwall                 Tmut/Erth      1%         N/A       13%         2
 Call Canine Familiar     Summ           2%         N/A       26%         3
 Dazzling Flash           Conj/Hex       4%         N/A       26%         3
 Portal Projectile        Hex/Tloc       4%         N/A       26%         3
 Leda's Liquefaction      Hex/Erth       1%         N/A       61%         4
 Silence                  Hex/Air        3%         N/A       65%         5
 Maxwell's Capacitive Co  Air            6%         ∞         100%        8


Dungeon Overview and Level Annotations

Branches:
Dungeon (10/15)            Temple (0/1) D:4            Lair (1/6) D:9
    Orc (0/2) D:9           Sewer (visited)

Altars:
Ashenzari
Fedhas
Wu Jian
Yredelemnul

Shops:
D:6 *   D:9 ?

Annotations:
D:3 Grinder
D:5 2 runed translucent doors, rebdls's ghost, novice PaBe
D:9 exclusion: oklob plant


Innate Abilities, Weirdness & Mutations

You have razor-sharp teeth.
Your natural rate of healing is unusually fast.
When hurt, damage is shared between your health and your magic reserves.
Your bite disrupts and absorbs the magic of your enemies.
Potions cannot restore your health.


Message History

Your bullfrog's corpse dissolves into shadows!
The five-headed hydra bites you but does no damage. x4
Aiming: Throw Flame
Press: ? - help, Shift-Dir - straight line, f/p - five-headed hydra
Aim: a five-headed hydra (almost dead, 89% to hit)
The puff of flame hits the five-headed hydra!
The five-headed hydra is almost dead.
The five-headed hydra closely misses you.
The five-headed hydra bites you. x2
The five-headed hydra bites you but does no damage.
The five-headed hydra bites you!
Aiming: Throw Flame
Press: ? - help, Shift-Dir - straight line, f/p - five-headed hydra
Aim: a five-headed hydra (almost dead, 89% to hit)
The puff of flame misses the five-headed hydra.
The five-headed hydra closely misses you.
The five-headed hydra bites you but does no damage.
The five-headed hydra bites you.
The five-headed hydra closely misses you.
The five-headed hydra bites you but does no damage.
Aiming: Throw Flame
Press: ? - help, Shift-Dir - straight line, f/p - five-headed hydra
Aim: a five-headed hydra (almost dead, 89% to hit)
The puff of flame misses the five-headed hydra.
The five-headed hydra closely misses you.
The five-headed hydra bites you! x2
The five-headed hydra bites you but does no damage.
The five-headed hydra bites you.
* * * LOW HITPOINT WARNING * * *
Aiming: Throw Flame
Press: ? - help, Shift-Dir - straight line, f/p - five-headed hydra
Aim: a five-headed hydra (almost dead, 89% to hit)
The puff of flame hits the five-headed hydra.
The five-headed hydra is almost dead.
The five-headed hydra bites you!
* * * LOW HITPOINT WARNING * * *
The five-headed hydra bites you!
* * * LOW HITPOINT WARNING * * *
The five-headed hydra bites you.
You die...

............... ###
.............# #.##
##...........# ###..#
#...........# ##....#
#...........# #.....##
##...####....# ##......#
#....# ##...# #.......#
##...## #P...#####..#...#
#....#
##.....P@#††###)##.......
#..D##
#....P.DP##...####.......
#...#
#....###.##....##........
#...# ##...#
#........##....... #...#
#...# #..#......#.......
##...##
#........##...#..#.......
.....P#
##.....P.#....#..#.......
.....##
#.......#.#..#.†........
......#
...P##.#.#....#........


You could see a five-headed hydra.

Vanquished Creatures
  A two-headed ogre (D:8)
  Pikel (D:5)
  A black mamba (Lair:1)
  2 cane toads (Lair:1)
  4 polar bears (Lair:1)
  A wyvern (D:8)
  21 yaks
  A steam dragon (D:9)
  Edmund (D:4)
  An acid dragon (D:9)
  A water moccasin (Lair:1)
  2 ice beasts
  2 orc warriors (D:9)
  A hornet zombie (D:7)
  4 black bears (Lair:1)
  2 centaurs
  A necrophage (D:8)
  2 ogres
  2 lemures (D:5)
  A phantom (D:6)
  3 bullfrogs
  A kobold brigand (D:8)
  A scorpion (D:5)
  2 gnoll sergeants
  A wyvern zombie (D:7)
  A water moccasin zombie (D:5)
  7 wights (D:9)
  9 killer bees (D:9)
  2 jellies
  A bullfrog zombie (D:7)
  An orc priest (D:8)
  Crazy Yiuf (D:4)
  A bullfrog skeleton (D:5)
  A centaur skeleton (D:4)
  6 orc wizards
  3 iguanas
  A killer bee zombie (D:8)
  A hound skeleton (D:4)
  3 howler monkey zombies
  12 gnolls
  6 adders
  A howler monkey skeleton (D:7)
  A white imp (D:7)
  4 worms
  2 dart slugs
  22 orcs
  10 ball pythons
  12 endoplasms
  4 hobgoblins
  10 jackals
  7 quokkas
  9 bats
  7 frilled lizards
  5 goblins
  14 kobolds
  7 rats
231 creatures vanquished.

Vanquished Creatures (others)
  A fungus (D:4)
  A plant (Lair:1)
  2 withered plants (D:3)
4 creatures vanquished.

Grand Total: 235 creatures vanquished

Notes
Turn   | Place    | Note
-------+----------+-------------------------------------------
     0 | D:1      | thromnambular the Vine Stalker Wanderer began the quest for
                  | the Orb.
     0 | D:1      | thromnambular set off with the following items: a +0 spear,
                  | a +0 kite shield, a potion of curing, a +0 robe
     0 | D:1      | Reached XP level 1. HP: 14/14 MP: 2/2
   260 | D:1      | Reached XP level 2. HP: 7/18 MP: 1/3
   703 | D:1      | Reached skill level 1 in Axes
   710 | D:1      | Reached XP level 3. HP: 21/21 MP: 4/4
  1510 | D:2      | Gained mutation: Your natural rate of healing is unusually
                  | fast. [Vine Stalker growth]
  1510 | D:2      | Reached XP level 4. HP: 26/26 MP: 5/5
  1629 | D:3      | Reached skill level 5 in Fighting
  1676 | D:3      | Noticed Grinder
  2140 | D:3      | Paralysed by Grinder for 5 turns
  2240 | D:4      | Reached skill level 1 in Necromancy
  2240 | D:4      | Reached XP level 5. HP: 28/30 MP: 6/6
  2268 | D:4      | Found an ornate altar of the Wu Jian Council.
  2323 | D:4      | Noticed Edmund
  2363 | D:4      | Became a worshipper of the Wu Jian Council
  2446 | D:4      | Found a glowing drain.
  2451 | Sewer    | Entered a sewer
  2997 | D:4      | Found a staircase to the Ecumenical Temple.
  3248 | D:4      | Killed Edmund
  3249 | D:4      | Reached skill level 1 in Armour
  3249 | D:4      | Reached skill level 1 in Spellcasting
  3249 | D:4      | Reached XP level 6. HP: 28/35 MP: 2/9
  3326 | D:4      | Reached XP level 7. HP: 34/39 MP: 6/10
  3359 | D:4      | Reached * piety under Wu Jian
  3453 | D:4      | Found a runed translucent door.
  3454 | D:4      | Noticed Crazy Yiuf
  3659 | D:4      | Killed Crazy Yiuf
  3699 | D:5      | Entered Level 5 of the Dungeon
  3958 | D:5      | Noticed Pikel
  4009 | D:5      | Killed Pikel
  4010 | D:5      | Reached skill level 6 in Fighting
  4010 | D:5      | Gained mutation: You have razor-sharp teeth. [Vine Stalker
                  | growth]
  4010 | D:5      | Reached XP level 8. HP: 32/44 MP: 5/13
  4291 | D:5      | Found a large runed translucent door.
  4292 | D:5      | Found a large runed translucent door.
  4293 | D:5      | Noticed rebdls's ghost (novice PaBe)
  4671 | D:5      | Learned a level 5 spell: Lightning Bolt
  5027 | D:6      | Reached skill level 1 in Air Magic
  5046 | D:6      | Found Oriulafo's General Store.
  5065 | D:6      | Identified the +7 trident "Conservator" {freeze, rN+ Str-2
                  | Stlth+}
  5588 | D:7      | Learned a level 3 spell: Swiftness
  5661 | D:7      | Reached XP level 9. HP: 46/49 MP: 11/15
  6272 | D:8      | Learned a level 6 spell: Invisibility
  6304 | D:8      | Reached skill level 7 in Fighting
  6380 | D:8      | Reached skill level 5 in Axes
  6405 | D:8      | Reached ** piety under Wu Jian
  6775 | D:8      | You fall into a shaft and drop 2 floors!
  6775 | D:10     | Entered Level 10 of the Dungeon
  6884 | D:8      | Noticed a two-headed ogre
  6900 | D:8      | Killed a two-headed ogre
  6901 | D:8      | Reached skill level 5 in Armour
  6901 | D:8      | Reached skill level 5 in Spellcasting
  6901 | D:8      | Reached XP level 10. HP: 47/56 MP: 16/18
  7161 | D:9      | Reached skill level 8 in Fighting
  7230 | D:9      | Found a broken altar of Ashenzari.
  7230 | D:9      | Found a basalt altar of Yredelemnul.
  7282 | D:9      | Found Heshy's Magic Scroll Boutique.
  7288 | D:9      | Bought a scroll of enchant armour for 97 gold pieces
  7288 | D:9      | Bought a scroll of teleportation for 39 gold pieces
  7288 | D:9      | Bought a scroll of blinking for 97 gold pieces
  7288 | D:9      | Bought a scroll of enchant armour for 97 gold pieces
  7365 | D:9      | Reached *** piety under Wu Jian
  7492 | D:9      | Found a staircase to the Orcish Mines.
  7509 | D:9      | Learned a level 5 spell: Agony
  7708 | D:9      | Reached XP level 11. HP: 58/60 MP: 16/19
  8177 | D:9      | Found a blossoming altar of Fedhas.
  8189 | D:9      | Noticed an oklob plant
  8239 | D:9      | Found a staircase to the Lair.
  8371 | Lair:1   | Entered Level 1 of the Lair of Beasts
  8525 | Lair:1   | Reached skill level 9 in Fighting
  8525 | Lair:1   | Reached skill level 5 in Necromancy
  8905 | Lair:1   | Noticed a five-headed hydra
  8966 | Lair:1   | HP: 1/62 [five-headed hydra (9)]
  8966 | Lair:1   | Slain by a five-headed hydra

Illustrated notes

Levels and vault maps discovered:
D:1:      evilmike_arrival_rings, layout_basic
D:2:      layout_basic
D:3:      layout_basic, ebering_ecumenical_altar_petrified, chequers_jeans,
          uniq_grinder, uniq_jessica
D:4:      layout_loops_ring, mainiacjoe_overflow_brackets,
          minmay_temple_entry_poolview, portal_sewer_entry_e, minmay_bisected,
          uniq_crazy_yiuf_cottage, uniq_edmund
D:5:      layout_loops_corners, ebering_ghost_disaster_area, uniq_pikel
D:6:      layout_basic, serial_shops, shop
D:7:      layout_loops_ring
D:8:      layout_loops_cross
D:9:      layout_roguey, tgw_fedhas, amethyst_overflow_temple_binary,
          lair_entry_dummy, david_orc_2, serial_shops, nicolae_shop_waterfront,
          serial_co_window_serial, co_window_cross_1,
          co_window_of_opportunity_a, co_window_of_opportunity_a,
          co_window_paths_b, co_window_paths_a, co_window_2corner,
          co_window_unsneaky_path_a, glass_columns_b, roderic_roman_lattice
D:10:     kennysheep_blocky_hall, layout_small_grid,
          muffindrake_ghost_dual_entry, uniq_joseph
Lair:1:   beast_lair_carwin_large_1, layout_long_grid,
          chequers_serial_rivers_micro_d, chequers_serial_rivers_room_a

Skill      XL: |  1  2  3  4  5  6  7  8  9 10 11 |
---------------+----------------------------------+-----
Axes           | 1 2 3 4 6 7 8 |  8.0
Dodging        | 2 |  2.4
Fighting       | 5 6 7 8 9 |  9.4
Necromancy     | 1 2 3 4 5 |  5.8
Armour         | 1 2 3 5 6 |  6.8
Spellcasting   | 1 3 5 |  5.2
Air Magic      | 2 4 |  4.2
Polearms       | |  1.0
Stealth        | |  1.2
Shields        | |  1.7

Action                   |  1- 3 |  4- 6 |  7- 9 | 10-12 || total
-------------------------+-------+-------+-------+-------++-------
Melee: Hand axe          |    80 |   173 |   116 |       ||   369
       Spear             |     5 |       |       |       ||     5
       Bite              |    12 |    48 |    89 |    99 ||   248
       War axe           |       |       |   126 |   247 ||   373
Throw: Dart              |       |       |     9 |    13 ||    22
 Cast: Agony             |       |       |       |     3 ||     3
       Swiftness         |       |       |       |     1 ||     1
Invok: Lunge             |       |     6 |    15 |     8 ||    29
Evoke: Wand              |       |       |       |     9 ||     9
  Use: Scroll            |       |     6 |    14 |     5 ||    25
       Potion            |       |     1 |       |       ||     1
 Stab: Sleeping          |     5 |     3 |       |     1 ||     9
Armor: Robe              |     8 |    48 |       |       ||    56
       Ring mail         |       |    10 |    95 |    80 ||   185
       Steam dragon scal |       |       |       |    82 ||    82
Dodge: Dodged            |    47 |   119 |   142 |   187 ||   495
